cohdb
Replays
Latest Replays
All Replays
Popular Replays
Top Player Replays
Match Explorer
How It Works
Community
CoH3 Stats
Reddit
Sign in to upload your games and track your stats! →
Sign in with Steam
Match 42194123
Unlisted
Match 42194123
Overview
Messages
Build Orders
End
Construct Barracks
Engineer Squad
Riflemen Squad
Riflemen Squad
Mechanized Support Center
Grenade Package
Construct Weapon Support Center
M3 Armored Personnel Carrier
Mortar Pit
Selects Heavy Weapons
Selects Heavy Weapons
Selects Assault Carriers
M3 Assault Carrier
Rapid Repairs
Selects Exchangeable Parts
Forward Retreat Point
M3 Assault Carrier
M1918 Browning Automatic Rifles
Riflemen Squad
Selects Towed M5 3-inch Anti-tank Gun
Towed M5 3-inch Anti-tank Gun
Designate Forward Repair Station
Salvage Crew
Cotton-Sin Blacked
Skippynofriends
HuggyMcSnugglet
Sexy League of Legends Player
Clay
Kold
Phoop
Jd577
0
0
Comments
sign in to comment!
No comments posted yet!